 Dungeon Crawl Stone Soup version 0.28.0 (webtiles) character file.

Game seed: 2579354928055360169

1201 browni3141 the Cleaver (level 8, -2/106 HPs)
             Began as a Minotaur Berserker on Feb 17, 2022.
             Was a Priest of Trog.
             Slain by an 11-headed hydra (5 damage)
             ... on level 6 of the Dungeon.
             The game lasted 00:02:22 (5639 turns).

browni3141 the Cleaver (Minotaur Berserker)         Turns: 5639, Time: 00:02:22

Health: -2/106     AC: 12    Str: 24    XL:     8   Next: 21%
Magic:  7/7        EV:  9    Int:  4    God:    Trog [***...]
Gold:   192        SH:  0    Dex: 10    Spells: 7/7 levels left

rFire   . . .      SeeInvis .   l - +0 war axe
rCold   + . .      Faith    .   (no shield)
rNeg    . . .      Spirit   .   j - +0 chain mail
rPois   .          Reflect  .   (helmet restricted)
rElec   .          Harm     .   k - +0 cloak
rCorr   .          Rampage  .   m - +0 pair of gloves
Will    .....                   (no boots)
Stlth   ..........              (no amulet)
HPRegen 0.27/turn               c - ring of protection from cold
MPRegen 0.10/turn               (no ring)

@: berserking, very quick
A: horns 2, retaliatory headbutt
a: Renounce Religion, Berserk, Trog's Hand


You were on level 6 of the Dungeon.
You worshipped Trog.
Trog was most pleased with you.
You visited 1 branch of the dungeon, and saw 6 of its levels.

You collected 192 gold pieces.


Innate Abilities, Weirdness & Mutations

You have a pair of horns on your head.
You reflexively headbutt those who attack you in melee.


   Skills:
 + Level 6.9 Fighting
 * Level 9.1 Axes
 + Level 6.3 Armour
 - Level 2.1 Dodging


You had 7 spell levels left.
You didn't know any spells.
Your spell library was empty.

Inventory:

Hand Weapons
 a - a +0 hand axe
 l - a +0 war axe (weapon)
Missiles
 n - a throwing net (quivered)
Armour
 b - a +0 animal skin
 j - a +0 chain mail (worn)
 k - a +0 cloak (worn)
 m - a +0 pair of gloves (worn)
Jewellery
 c - a ring of protection from cold (left hand)
 C - a ring of ice
Wands
 p - a wand of mindburst (11)
Scrolls
 g - 5 scrolls of teleportation {unknown}
 h - a scroll of amnesia {unknown}
 i - 4 scrolls of identify {unknown}
Potions
 d - a potion of attraction {unknown}
 e - a potion of resistance {unknown}
 f - a potion of ambrosia {unknown}
 o - a potion of berserk rage {unknown}
 q - 2 potions of heal wounds {unknown}
 r - a potion of haste {unknown}
 s - a potion of invisibility {unknown}
 t - a potion of magic {unknown}
 u - a potion of curing {unknown}

Dungeon Overview and Level Annotations

Branches:
Dungeon (6/15)
 Temple: D:4-7

Altars:
Ashenzari
Sif Muna

Shops:
D:3 : ¦¦¦¦¦¦ ¦¦ ¦....¦ ¦¦ ¦ . .Z..¦ ¦..¦.¦c .S5.¦ ¦.. lg¦..Sh¦ ¦¦¦¦¦¦¦¦¦¦¦D¦¦

. ¦......¦...@.¦ #
¦......¦.....¦ #
¦..¦¦..¦..¦..¦ #
¦..¦¦..¦.....¦
#####¦......'.....¦
............¦¦¦¦¦¦¦
.###.¦¦¦¦¦¦¦¦
...#........
###########.


You could see a 11-headed hydra, a water moccasin, a hound, an adder, a white
imp and a wyvern zombie.


Message History

* * * LOW HITPOINT WARNING * * *
The eight-headed hydra barely misses you.
The eight-headed hydra bites you but does no damage.
You hack one of the eight-headed hydra's heads off!
The seven-headed hydra grows two more!
You slash the nine-headed hydra! You headbutt the nine-headed hydra!
The nine-headed hydra is heavily wounded.
The nine-headed hydra bites you but does no damage. x2
The nine-headed hydra bites you.
* * * LOW HITPOINT WARNING * * *
The nine-headed hydra bites you but does no damage.
The nine-headed hydra bites you.
* * * LOW HITPOINT WARNING * * *
The nine-headed hydra bites you but does no damage. x2
The nine-headed hydra bites you!
* * * LOW HITPOINT WARNING * * *
The nine-headed hydra barely misses you.
You are too injured to fight recklessly!
You hack one of the nine-headed hydra's heads off!
The eight-headed hydra grows two more!
You slash the ten-headed hydra!
The ten-headed hydra is heavily wounded.
You are too injured to fight recklessly!
You slice one of the ten-headed hydra's heads off!
The nine-headed hydra grows two more!
You slash the 11-headed hydra!
The 11-headed hydra is heavily wounded.
The 11-headed hydra closely misses you.
The 11-headed hydra bites you but does no damage.
The 11-headed hydra completely misses you.
The 11-headed hydra bites you.
You die...

Skill      XL: |  1  2  3  4  5  6  7  8 |
---------------+-------------------------+-----
Axes           | 4 5 6 7 8 9 |  9.1
Fighting       | 4 5 6 |  6.9
Armour         | 3 4 5 6 |  6.3
Dodging        | |  2.1

Action                   |  1- 3 |  4- 6 |  7- 9 || total
-------------------------+-------+-------+-------++-------
Melee: Hand axe          |    72 |    29 |       ||   101
       Headbutt          |    11 |    14 |    13 ||    38
       Punch             |     1 |     1 |     1 ||     3
       War axe           |       |    74 |    92 ||   166
Invok: Berserk           |     1 |     2 |     3 ||     6
       Trog's Hand       |       |     1 |       ||     1
 Stab: Sleeping          |     1 |       |       ||     1
Armor: Animal skin       |     8 |       |       ||     8
       Chain mail        |       |    87 |    50 ||   137
Dodge: Dodged            |    39 |    74 |    38 ||   151

Levels and vault maps discovered:
D:1:      dpeg_arrival_pits, layout_basic, serial_co_window_serial,
          co_window_paths_a, co_window_paths_a, co_window_of_opportunity_a,
          co_window_corner_a, co_window_corner_a, co_window_corner_a,
          co_window_paths_b, co_window_paths_a, co_window_paths_a,
          co_window_broadway_a, co_window_broadway_a, co_window_broadway_a,
          co_window_paths_e, glass_columns_b,
          hellmonk_ecumenical_altar_pennies_from_heaven
D:2:      layout_basic, minmay_door_square, uniq_terence
D:3:      layout_rooms, serial_shops, nicolae_lakefront_shop
D:4:      layout_loops_ring, mainiacjoe_overflow_big_doors, roderic_batcave,
          uniq_ijyb
D:5:      layout_basic
D:6:      minmay_clustersquares, layout_basic

Notes
Turn   | Place    | Note
-------+----------+-------------------------------------------
     0 | D:1      | browni3141 the Minotaur Berserker began the quest for the
                  | Orb.
     0 | D:1      | Reached XP level 1. HP: 19/19 MP: 0/0
   627 | D:1      | Reached skill level 4 in Axes
   652 | D:1      | Reached XP level 2. HP: 27/27 MP: 1/1
   661 | D:1      | Found a faded altar of an unknown god.
  1417 | D:2      | Reached skill level 4 in Fighting
  1421 | D:2      | Reached ** piety under Trog
  1422 | D:2      | Reached skill level 3 in Armour
  1539 | D:2      | Noticed Terence
  1546 | D:2      | Killed Terence
  1547 | D:2      | Reached XP level 3. HP: 33/33 MP: 2/2
  1964 | D:2      | Identified the +10 flail of Fate {antimagic, rElec Dex-5
                  | Stlth+}
  2003 | D:2      | Reached XP level 4. HP: 31/40 MP: 3/3
  2432 | D:3      | Reached skill level 5 in Axes
  2591 | D:3      | Found Ocolym's Book Shop.
  2691 | D:3      | Reached XP level 5. HP: 39/47 MP: 4/4
  3187 | D:4      | Reached skill level 4 in Armour
  3189 | D:4      | Reached skill level 6 in Axes
  3196 | D:4      | Reached skill level 5 in Fighting
  3251 | D:4      | Noticed an ogre
  3259 | D:4      | Killed an ogre
  3260 | D:4      | Reached XP level 6. HP: 56/56 MP: 5/5
  3568 | D:4      | Reached skill level 7 in Axes
  3578 | D:4      | Found a broken altar of Ashenzari.
  3694 | D:4      | Found a shimmering blue altar of Sif Muna.
  3857 | D:4      | Reached skill level 5 in Armour
  3857 | D:4      | Reached XP level 7. HP: 61/62 MP: 6/6
  3948 | D:4      | Noticed Ijyb
  3958 | D:4      | Killed Ijyb
  4198 | D:5      | Entered Level 5 of the Dungeon
  4405 | D:5      | Reached *** piety under Trog
  4417 | D:5      | Reached skill level 6 in Fighting
  4427 | D:5      | Reached skill level 8 in Axes
  5446 | D:6      | Identified the +4 long sword of Kismet {drain, rPois}
  5487 | D:6      | Reached skill level 6 in Armour
  5487 | D:6      | Reached XP level 8. HP: 53/71 MP: 7/7
  5583 | D:6      | Noticed a five-headed hydra
  5601 | D:6      | Reached skill level 9 in Axes
  5637 | D:6      | HP: 3/106 [nine-headed hydra (13)]
  5639 | D:6      | Slain by an 11-headed hydra

Vanquished Creatures
  A black bear (D:5)
  An ice beast (D:6)
  2 ogres
  A phantom (D:6)
  A water moccasin skeleton (D:6)
  A howler monkey (D:5)
  2 vampire bats (D:4)
  A jelly (D:5)
  2 hounds (D:4)
  2 orc priests
  A gnoll shaman (D:4)
  2 bullfrog skeletons (D:5)
  2 iguanas
  Ijyb (D:4)
  2 orc wizards
  Terence (D:2)
  A hound skeleton (D:5)
  4 gnolls (D:4)
  7 adders
  2 worms
  A dart slug (D:1)
  25 orcs
  3 ball pythons
  12 bats
  7 endoplasms
  3 giant cockroaches (D:1)
  A goblin (D:1)
  4 hobgoblins
  4 jackals (D:2)
  A quokka (D:2)
  A frilled lizard (D:2)
  6 kobolds
  5 rats
110 creatures vanquished.

Table legend: (Time is in decaauts)
 A = Elapsed time spent in this place.
 B = Non-inter-level travel time spent in this place.
 C = Inter-level travel time spent in this place.
 D = Time resting spent in this place.
 E = Time spent auto-exploring this place.
 F = Levels seen in this place.
 G = Mean time per level.
                   A        B        C        D        E       F      G
               +--------+--------+--------+--------+--------+-----+--------+
         Total |   5722 |   5659 |     63 |    692 |   4259 |   6 |  953.7 |
       Dungeon |   5722 |   5659 |     63 |    692 |   4259 |   6 |  953.7 |
               +--------+--------+--------+--------+--------+-----+--------+

Top non-repeatable levels by time:
     D:2: 1309 daAuts
     D:1: 1089 daAuts
     D:4: 1067 daAuts
     D:5: 1025 daAuts
     D:3: 794 daAuts
     D:6: 434 daAuts

Table legend:
 A = Non-vault XP
 B = Vault XP
 C = Vault XP percentage of total XP
 D = Non-vault monster count
 E = Vault monster count
 F = Vault count percentage of total count
                 A         B        C        D         E       F
            +---------+---------+-------+---------+---------+-------
      Total |    1350 |     366 |  21.3 |      97 |      13 |  11.8
            +---------+---------+-------+---------+---------+-------
        D:1 |      21 |       0 |   0.0 |      11 |       0 |   0.0
        D:2 |      49 |      32 |  39.5 |      21 |       1 |   4.5
        D:3 |     124 |       0 |   0.0 |      13 |       0 |   0.0
        D:4 |     428 |     155 |  26.6 |      28 |      10 |  26.3
        D:5 |     432 |       0 |   0.0 |      17 |       0 |   0.0
        D:6 |     296 |     179 |  37.7 |       7 |       2 |  22.2
            +---------+---------+-------+---------+---------+-------
